 Dungeon Crawl Stone Soup version 0.30-a0-371-gad7725a93e (webtiles) character file.

Game seed: 2374992603551011453

191382 mopl the Scorcher (level 17, 0/140 HPs)
             Began as a Grey Draconian Fire Elementalist on Nov 20, 2022.
             Was the Champion of Vehumet.
             Killed from afar by Aizul (15 damage)
             ... with a poison arrow
             ... on level 1 of the Elven Halls on Nov 21, 2022.
             The game lasted 01:28:27 (31107 turns).

mopl the Scorcher (DrFE)                           Turns: 31107, Time: 01:28:29

Health: 0/140      AC: 25    Str: 10    XL:     17   Next: 57%
Magic:  9/34       EV: 13    Int: 30    God:    Vehumet [******]
Gold:   3165       SH:  7    Dex: 12    Spells: 1/42 levels left

rFire   + . .      SeeInvis .    a - staff of fire
rCold   . . .      Faith    .    l - +1 buckler {AC+3}
rNeg    + . .      Spirit   .    (body armour unavailable)
rPois   +          Reflect  .    (helmet restricted)
rElec   .          Harm     .    b - +0 cloak {rPois}
rCorr   +          Rampage  +    g - +1 pair of gloves "Mufipor" {Rampage rCorr}
Will    +....      Archmagi +    H - +4 pair of boots of Ruupn {rN+}
Stlth   ++........               s - amulet of regeneration
HPRegen 1.23/turn                N - ring of the Mage {Wiz Archmagi}
MPRegen 0.24/turn                Q - +6 ring of intelligence

@: brilliant, lethally poisoned (0 -> -11), very slightly contaminated
A: AC +14, amphibious, unfitting armour, cold-blooded
}: 1/15 runes: barnacled
a: Renounce Religion


You were on level 1 of the Elven Halls.
You worshipped Vehumet.
Vehumet was exalted by your worship.
You visited 6 branches of the dungeon, and saw 28 of its levels.
You also visited: Ossuary and Bailey.

You collected 5648 gold pieces.
You spent 2483 gold pieces at shops.

Inventory:

Hand Weapons
 d - a +3 scimitar of flaming
Missiles
 u - 59 poisoned darts
 J - 3 curare-tipped darts
 K - 5 throwing nets
Armour
 b - a +0 cloak of poison resistance (worn)
 g - the +1 pair of gloves "Mufipor" (worn) {Rampage rCorr}
   (You acquired it on level 10 of the Dungeon)

   rCorr:     It protects you from acid and corrosion.
   Rampage:   It bestows one free step when moving towards enemies.
 l - a +1 buckler of protection (worn)
 H - the +4 pair of boots of Ruupn (worn) {rN+}
   (You found it on level 6 of the Dungeon)

   rN:        It protects you from negative energy.
Magical Staves
 a - a staff of fire (weapon)
Jewellery
 s - an amulet of regeneration (around neck)
 N - the ring of the Mage (left hand) {Wiz Archmagi}
   (You bought it in a shop on level 3 of the Dungeon)

   [ring of wizardry]

   It improves your spell success rate.
   Archmagi:  It increases the power of your magical spells.
 Q - a +6 ring of intelligence (right hand)
 Y - a ring of resist corrosion
Wands
 f - a wand of paralysis (8)
 I - a wand of mindburst (13)
 M - a wand of polymorph (8)
 O - a wand of roots (21)
 P - a wand of digging (17)
 X - a wand of flame (10)
Scrolls
 c - 19 scrolls of teleportation
 n - 5 scrolls of magic mapping
 w - 11 scrolls of poison
 x - 6 scrolls of fear
 y - 3 scrolls of immolation
 D - 5 scrolls of fog
 E - 4 scrolls of vulnerability
 G - 5 scrolls of silence {!r}
 T - 5 scrolls of blinking
 W - a scroll of summoning
Potions
 h - 20 potions of curing
 i - 7 potions of lignification {!q}
 j - 5 potions of haste
 k - 6 potions of heal wounds
 m - 4 potions of berserk rage {!q}
 o - 6 potions of brilliance
 p - 5 potions of flight
 q - 5 potions of magic
 z - 8 potions of might
 A - 4 potions of resistance
 B - 6 potions of ambrosia
 C - 2 potions of cancellation
 V - 4 potions of invisibility
Miscellaneous
 v - a phantom mirror (inert)
 R - a tin of tremorstones (2/2)
 S - a condenser vane (inert)


   Skills:
 - Level 10.0 Fighting
 + Level 11.0 Staves
 + Level 4.3 Dodging
 - Level 1.7 Stealth
 + Level 9.9 Shields
 * Level 13.4 Spellcasting
 + Level 11.7 Conjurations
 - Level 2.0 Hexes
 - Level 5.0 Translocations
 * Level 15.6 Fire Magic
 * Level 0.3 Earth Magic
 + Level 5.4 Poison Magic
 + Level 11.4 Evocations


You had one spell level left.
You knew the following spells:

 Your Spells              Type           Power      Damage    Failure   Level
a - Sticky Flame          Conj/Fire      100%       2d11      1%          4
b - Lehudib's Crystal Sp  Conj/Erth      45%        10d11     77%         8
c - Kindle Blastsparks    Fire/Tloc/Air  100%       2d18      1%          3
e - Blink                 Tloc           100%       N/A       1%          2
f - Starburst             Conj/Fire      74%        6d19      1%          6
g - Ignite Poison         Fire/Tmut/Pois 100%       N/A       1%          3
h - Inner Flame           Hex/Fire       100%       N/A       1%          3
i - Ignition              Fire           78%        3d20      3%          8
o - Olgreb's Toxic Radia  Pois           87%        N/A       1%          4

Your spell library contained the following spells:

 Spells                   Type           Power      Damage    Failure   Level
 Polar Vortex             Ice            22%        N/A       100%        9
 Foxfire                  Conj/Fire      100%       2x1d9     0%          1
 Apportation              Tloc           100%       N/A       1%          1
 Kiss of Death            Conj/Necr      100%       2d13      1%          1
 Necrotise                Necr           100%       1d9       1%          1
 Slow                     Hex            100%       N/A       1%          1
 Summon Small Mammal      Summ           100%       N/A       1%          1
 Scorch                   Fire           100%       2d10      0%          2
 Ensorcelled Hibernation  Hex/Ice        100%       N/A       1%          2
 Momentum Strike          Conj/Tloc      100%       3d10      1%          2
 Passwall                 Tmut/Erth      39%        N/A       1%          2
 Confusing Touch          Hex            64%        N/A       1%          3
 Mephitic Cloud           Conj/Pois/Air  89%        N/A       1%          3
 Portal Projectile        Hex/Tloc       100%       N/A       1%          3
 Flame Wave               Conj/Fire      100%       2d21      1%          4
 Manifold Assault         Tloc           85%        N/A       1%          4
 Freezing Cloud           Conj/Ice/Air   39%        6-21      1%          5
 Call Canine Familiar     Summ           45%        N/A       3%          3
 Swiftness                Air            45%        N/A       3%          3
 Vampiric Draining        Necr           45%        2d9       3%          3
 Leda's Liquefaction      Hex/Erth       28%        N/A       8%          4
 Alistair's Intoxication  Tmut/Pois      46%        N/A       11%         5
 Dispel Undead            Necr           45%        3d17      12%         4
 Agony                    Necr           45%        N/A       32%         5
 Malign Gateway           Summ/Tloc      34%        N/A       96%         7
 Storm Form               Tmut/Air       22%        N/A       100%        7
 Infestation              Necr           22%        N/A       100%        8


Dungeon Overview and Level Annotations

Branches:
Dungeon (15/15)            Temple (1/1) D:4            Lair (5/5) D:10
 Shoals (4/4) Lair:2       Spider (0/4) Lair:3        Slime (0/5) Lair:5
    Orc (2/2) D:10            Elf (1/3) Orc:2        Vaults (0/5) D:14
 Depths (0/4) D:15        Ossuary (visited)          Bailey (visited)

Altars:
Cheibriados
Dithmenos
Elyvilon
Fedhas
Gozag
Kikubaaqudgha
Makhleb
Okawaru
Qazlal
Ru
Sif Muna
Trog
Uskayaw
Vehumet
Yredelemnul
Zin
The Shining One
Jiyva
Lugonu

Shops:
D:3 *==(   D:9 =   D:10 *   D:11 (   D:12 [[   Orc:2 :![*:   Shoals:1 =
Shoals:3 (

Portals:
Abyss: Lair:5
Bazaar: Shoals:3

Annotations:
D:2 1 runed translucent door, Crazy Yiuf, Natasha
D:6 2 transporters, Chingon's ghost, novice MiFi
Shoals:1 3 runed translucent doors, MTVSty1e's ghost, adept MiFi; Rivvoal's ghost, adept GnFi; Vikhos's ghost, journeyman NaVM
Elf:1 Aizul


Innate Abilities, Weirdness & Mutations

Your dull iron-grey scales are very hard. (AC +14)
You are amphibious.
You cannot fit into any form of body armour.
You are cold-blooded and may be slowed by cold attacks.


Message History

Aizul is almost dead.
Aizul burns!
Aizul coils herself and waves her upper body at you.
You fall asleep.
Aizul burns!
Aizul hits you!
You wake up.
* * * LOW HITPOINT WARNING * * *
Aizul casts a spell at you. The bolt of poison hits you!
You are poisoned.
You resist.
* * * LOW HITPOINT WARNING * * *
Casting: Ignition (dangerous; 3% risk of failure)
Confirm with . or Enter, or press ? or * to list all spells.
Casting: Ignition (dangerous; 3% risk of failure)
Press: ? - help, Dir - look around, f - activate You feel a huge surge of power!
The air bursts into flame!
The fireball engulfs Aizul!
Aizul is almost dead.
You feel very sick.
Aizul burns!
You block Aizul's attack.
Casting: Ignition (dangerous; 3% risk of failure)
Confirm with . or Enter, or press ? or * to list all spells.
You don't know that spell.
Unknown command.
Unknown command.
Casting: Ignition (dangerous; 3% risk of failure)
Confirm with . or Enter, or press ? or * to list all spells.
Casting: Ignition (dangerous; 3% risk of failure)
Press: ? - help, Dir - look around, f - activate You feel a huge surge of power!
You miscast Ignition.
You are very lightly contaminated with residual magic.
You are blasted with searing flames!
You resist.
* * * LOW HITPOINT WARNING * * *
You feel very sick.
Aizul burns!
Aizul casts a spell at you. The poison arrow hits you!
You are more poisoned.
You partially resist.
You die...

####...#### ##.........##
##...........##
##...)........[## +#####
#....#.....#....# #.....
#.^.###...###...# #...8(#
##.)..#.....#....## .......
###.................#
.ยง.....###)'..S@[.[.<.....[..+
.8.>...)...#.....[[..........#
.......######...[#..[).#....##
....... #...###...###...#
#...8.# #....#.....#....#
#..... ##.............## #+#+##
##.....).....## ##.........##
####...####


You could see Aizul (burning).

Vanquished Creatures
  Mara (Shoals:4)
  Jorgrun (Orc:1)
  Asterion (Elf:1)
  Polyphemus (Shoals:3)
  3 krakens
  Kirke (D:13)
  Ilsuiw (Shoals:2)
  A frost giant (Shoals:4)
  An orc warlord (Bailey)
  The ghost of PanSaczeczos the Marksdraconian, a journeyman DrHu of Hepliaklqana (Orc:2)
  A stone giant (D:15)
  Nessos (Orc:2)
  Snorg (D:10)
  4 merfolk javelineers
  An ettin (Orc:1)
  Josephine (D:14)
  8 merfolk impalers
  Erolcha (D:12)
  An alligator snapping turtle (Shoals:4)
  3 hydras
  5 merfolk aquamancers
  A boulder beetle (D:14)
  3 catoblepae
  5 two-headed ogres
  10 centaur warriors
  2 merfolk avatars
  9 death yaks
  2 dancing weapons (Elf:1)
  3 tengu warriors (D:15)
  3 satyrs
  A death yak (shapeshifter) (D:14)
  4 thrashing horrors (Lair:5)
  2 deep elf knights (Elf:1)
  A skeletal warrior (D:13)
  Amaemon (D:8)
  Lodul (D:14)
  2 glowing orange brains (shapeshifter)
  10 sea snakes
  A deep troll (D:14)
  A steelbarb worm (shapeshifter) (D:14)
  2 deep elf archers (Elf:1)
  A lindwurm (shapeshifter) (Lair:5)
  Pikel (D:5)
  4 orc knights
  21 harpies
  6 deep elf pyromancers
  4 deep elf zephyrmancers (Elf:1)
  14 fauns
  5 ugly things
  16 manticores
  A faun (shapeshifter) (Lair:5)
  14 elephants
  8 cyclopes
  A smoke demon (Lair:5)
  4 black mambas
  5 water nymphs
  An ice statue (Shoals:3)
  Maurice (D:10)
  5 merfolk sirens
  6 cane toads
  An orange demon (D:8)
  Maggie (D:8)
  A gargoyle (D:14)
  2 efreet (D:13)
  3 rime drakes
  2 unseen horrors
  A freezing wraith (D:14)
  4 kobold demonologists
  A large abomination (Lair:5)
  12 komodo dragons
  2 polar bears
  3 ancient zymes (Lair:5)
  A polar bear (shapeshifter) (D:15)
  2 wind drakes (Shoals:1)
  8 trolls
  15 slime creatures
  5 hornets
  25 merfolk
  17 blink frogs
  15 dream sheep
  15 snapping turtles
  14 spriggans
  A ynoxinul (Lair:5)
  27 yaks
  10 water elementals
  6 wraiths
  8 basilisks
  A fire elemental (Orc:2)
  3 vampire mosquitoes (D:13)
  A chaos spawn (Lair:5)
  A warg (Orc:2)
  An acid dragon (D:12)
  13 water moccasins
  A floating eye (shapeshifter) (D:14)
  50 orc warriors
  5 ice beasts
  2 sky beasts
  3 black bears
  18 ogres
  16 wolves
  3 boggarts (Lair:4)
  22 centaurs
  2 lemures
  6 kobold brigands
  18 bullfrogs
  2 gnoll sergeants
  5 scorpions
  7 wights
  14 killer bees
  A howler monkey (D:10)
  11 electric eels
  2 jellies
  A hound (D:5)
  9 small abominations (Lair:5)
  8 gnoll boudas
  20 orc priests
  4 iguanas
  20 orc wizards
  12 hell rats
  8 mummies (Ossuary)
  9 adders
  31 gnolls
  3 white imps (D:7)
  An ufetubus (D:5)
  7 worms
  2 dart slugs (D:4)
  93 orcs
  7 bats
  12 endoplasms
  6 giant cockroaches
  3 gnoll zombies (Ossuary)
  23 goblins
  16 hobgoblins
  2 jackals (D:2)
  32 kobolds
  3 quokkas
  4 ball pythons
  6 frilled lizards
  3 hobgoblin zombies (Ossuary)
  2 orc zombies (Ossuary)
  6 rats
  8 tentacles
992 creatures vanquished.

Vanquished Creatures (others)
  A manticore (D:13)
  23 foxfires
  64 fungi
  125 plants
  9 tentacles
  3 toadstools (D:4)
225 creatures vanquished.

Grand Total: 1217 creatures vanquished

Notes
Turn   | Place    | Note
-------+----------+-------------------------------------------
     0 | D:1      | mopl the Draconian Fire Elementalist began the quest for
                  | the Orb.
     0 | D:1      | Reached XP level 1. HP: 14/14 MP: 3/3
   185 | D:1      | Reached XP level 2. HP: 20/20 MP: 0/5
   188 | D:1      | Learned a level 2 spell: Scorch
   590 | D:2      | Reached skill level 2 in Conjurations
   684 | D:2      | Reached XP level 3. HP: 20/26 MP: 0/7
   688 | D:2      | Learned a level 3 spell: Kindle Blastsparks
   911 | D:2      | Found a runed translucent door.
   911 | D:2      | Noticed Natasha
   912 | D:2      | Noticed Crazy Yiuf
   953 | D:2      | Found a faded altar of an unknown god.
   987 | D:2      | Prayed at the altar of an unknown god.
   987 | D:2      | Became a worshipper of Ru the Awakened
   988 | D:2      | Fell from the grace of Ru
  1057 | D:2      | Found a hide-covered altar of Uskayaw.
  1288 | D:2      | Reached skill level 3 in Spellcasting
  1297 | D:2      | Reached skill level 1 in Translocations
  1424 | D:2      | Reached XP level 4. HP: 31/33 MP: 2/8
  1511 | D:2      | Identified the +0 robe of the Fiend {rPois rF+ Will+ Str-2
                  | Dex+3}
  1894 | D:3      | Found Upposibe's Weapon Shoppe.
  1901 | D:3      | Reached skill level 1 in Evocations
  1943 | D:3      | Found Parch's Jewellery Emporium.
  1986 | D:3      | Found a glowing golden altar of the Shining One.
  2043 | D:3      | Found Bypulah's Jewellery Boutique.
  2113 | D:3      | Reached XP level 5. HP: 38/38 MP: 0/9
  2131 | D:3      | Reached skill level 3 in Conjurations
  2293 | D:3      | Found Uqoptaysa's Magic Scroll Emporium.
  2309 | D:3      | Bought a scroll of poison for 40 gold pieces
  2309 | D:3      | Bought a scroll of identify for 20 gold pieces
  2309 | D:3      | Bought a scroll of fear for 40 gold pieces
  2341 | D:3      | Found Iquf's General Store.
  2494 | D:3      | Reached skill level 2 in Translocations
  2605 | D:3      | Found a hide-covered altar of Uskayaw.
  2633 | D:3      | Found a burning altar of Makhleb.
  3047 | D:4      | Found a sand-covered staircase.
  3053 | Ossuary  | Entered an ossuary
  3230 | Ossuary  | Reached skill level 2 in Evocations
  3230 | Ossuary  | Reached XP level 6. HP: 45/45 MP: 2/11
  3966 | D:4      | Reached skill level 4 in Spellcasting
  3966 | D:4      | Reached skill level 3 in Translocations
  4253 | D:4      | Reached skill level 4 in Conjurations
  4267 | D:4      | Your scales start taking on a dull iron-grey colour.
  4267 | D:4      | Reached XP level 7. HP: 21/50 MP: 0/13
  4506 | D:4      | Found a staircase to the Ecumenical Temple.
  4513 | Temple   | Entered the Ecumenical Temple
  4521 | Temple   | Became a worshipper of Vehumet
  4617 | D:4      | Learned a level 4 spell: Flame Wave
  4664 | D:5      | Entered Level 5 of the Dungeon
  4740 | D:5      | Noticed Pikel
  4842 | D:5      | Reached skill level 3 in Evocations
  4870 | D:5      | Reached skill level 1 in Staves
  5702 | D:5      | Killed Pikel
  5703 | D:5      | Reached skill level 2 in Staves
  5703 | D:5      | Reached skill level 4 in Fire Magic
  5703 | D:5      | Reached skill level 4 in Evocations
  5703 | D:5      | Reached XP level 8. HP: 36/57 MP: 0/15
  6079 | D:6      | Reached skill level 5 in Fire Magic
  6101 | D:6      | Found a transporter.
  6197 | D:6      | Reached skill level 5 in Conjurations
  6379 | D:6      | Found a transporter.
  6387 | D:6      | Noticed Chingon's ghost (novice MiFi)
  6421 | D:6      | Identified the +4 pair of boots of Ruupn {rN+}
  6508 | D:6      | Reached skill level 5 in Spellcasting
  6627 | D:6      | Reached skill level 3 in Staves
  7525 | D:7      | Reached skill level 6 in Fire Magic
  7551 | D:7      | Reached * piety under Vehumet
  7551 | D:7      | Offered knowledge of Freeze by Vehumet.
  7552 | D:7      | Reached XP level 9. HP: 62/62 MP: 5/17
  8027 | D:7      | Reached skill level 5 in Evocations
  8175 | D:7      | Reached skill level 4 in Staves
  8186 | D:7      | Reached skill level 6 in Conjurations
  8303 | D:7      | Reached skill level 7 in Fire Magic
  8761 | D:3      | Bought the ring of the Mage {Wiz Archmagi} for 561 gold
                  | pieces
  8761 | D:3      | Found the ring of the Mage {Wiz Archmagi}
  8767 | D:3      | Learned a level 4 spell: Sticky Flame
  9083 | D:7      | Reached skill level 6 in Spellcasting
  9195 | D:7      | Learned a level 2 spell: Blink
  9329 | D:3      | Bought a scroll of identify for 20 gold pieces
  9484 | D:8      | Noticed Amaemon
  9520 | D:8      | Reached skill level 1 in Shields
  9626 | D:8      | Reached ** piety under Vehumet
  9749 | D:8      | Offered knowledge of Kiss of Death by Vehumet.
  9890 | D:8      | Reached XP level 10. HP: 66/69 MP: 4/19
 10172 | D:8      | Noticed an orange demon
 10259 | D:8      | Killed Amaemon
 10260 | D:8      | Reached skill level 2 in Shields
 10260 | D:8      | Reached skill level 8 in Fire Magic
 10453 | D:8      | Noticed Maggie
 10457 | D:8      | Killed Maggie
 10458 | D:8      | Reached skill level 6 in Evocations
 10522 | D:8      | Killed an orange demon
 10523 | D:8      | Reached skill level 5 in Staves
 10708 | D:8      | Found a glowing silver altar of Zin.
 10954 | D:3      | Bought a scroll of identify for 20 gold pieces
 10954 | D:3      | Bought a scroll of identify for 20 gold pieces
 11144 | D:9      | Found Hoewn's Jewellery Boutique.
 11158 | D:9      | Offered knowledge of Static Discharge by Vehumet.
 11162 | D:9      | Reached skill level 4 in Translocations
 11287 | D:9      | Reached skill level 7 in Conjurations
 11379 | D:9      | Noticed a two-headed ogre
 11393 | D:9      | Killed a two-headed ogre
 11394 | D:9      | Reached skill level 3 in Shields
 11406 | D:9      | Learned a level 3 spell: Inner Flame
 11419 | D:9      | Reached *** piety under Vehumet
 11764 | D:9      | Noticed a two-headed ogre
 11770 | D:9      | Killed a two-headed ogre
 11771 | D:9      | Reached skill level 9 in Fire Magic
 11771 | D:9      | Reached XP level 11. HP: 70/74 MP: 12/21
 11856 | D:9      | Reached skill level 1 in Hexes
 11858 | D:9      | Offered knowledge of Ignite Poison by Vehumet.
 11866 | D:9      | Learned a level 3 spell: Ignite Poison
 12316 | D:9      | Reached skill level 7 in Spellcasting
 12554 | D:10     | Entered Level 10 of the Dungeon
 12569 | D:10     | Found Nibe's Assorted Antiques.
 12593 | D:10     | Bought a bubbling dark potion for 28 gold pieces
 12598 | D:10     | Noticed a two-headed ogre
 12687 | D:10     | Noticed Snorg
 12700 | D:10     | Killed Snorg
 12701 | D:10     | Reached skill level 5 in Translocations
 12740 | D:10     | Reached skill level 4 in Shields
 12742 | D:10     | Killed a two-headed ogre
 12743 | D:10     | Reached skill level 6 in Staves
 12743 | D:10     | Reached skill level 2 in Hexes
 12799 | D:10     | Found a flagged portal.
 12813 | Bailey   | Entered a bailey
 12920 | Bailey   | Reached **** piety under Vehumet
 12933 | Bailey   | Offered knowledge of Lee's Rapid Deconstruction by Vehumet.
 12945 | Bailey   | Reached skill level 7 in Evocations
 13062 | Bailey   | Noticed an orc knight
 13174 | Bailey   | Killed an orc knight
 13230 | Bailey   | Noticed an orc warlord
 13242 | Bailey   | Killed an orc warlord
 13324 | Bailey   | Reached skill level 10 in Fire Magic
 13438 | D:10     | Reached skill level 8 in Spellcasting
 13555 | D:10     | Acquired 1288 gold pieces
 13726 | D:3      | Bought a scroll of identify for 24 gold pieces
 13726 | D:3      | Bought a scroll of silence for 114 gold pieces
 13726 | D:3      | Bought 2 potions of invisibility for 192 gold pieces
 13737 | D:3      | Bought a scroll of poison for 40 gold pieces
 13737 | D:3      | Bought a scroll of enchant armour for 75 gold pieces
 13737 | D:3      | Bought a scroll of enchant armour for 75 gold pieces
 13737 | D:3      | Bought a scroll of summoning for 95 gold pieces
 13897 | D:10     | Bought a scroll of identify for 64 gold pieces
 13897 | D:10     | Acquired a staff of fire
 13905 | D:10     | Acquired 1227 gold pieces
 13907 | D:10     | Acquired the +1 pair of gloves "Mufipor" {Rampage rCorr}
 13942 | D:10     | Found a staircase to the Lair.
 13994 | D:10     | Reached ***** piety under Vehumet
 13994 | D:10     | Offered knowledge of Iskenderun's Battlesphere by Vehumet.
 14023 | D:10     | Found a staircase to the Orcish Mines.
 14124 | D:10     | Noticed Maurice
 14134 | D:10     | Killed Maurice
 14135 | D:10     | Reached skill level 8 in Conjurations
 14258 | D:10     | Found a white marble altar of Elyvilon.
 14303 | D:10     | Found a blossoming altar of Fedhas.
 14417 | Lair:1   | Entered Level 1 of the Lair of Beasts
 14417 | Lair:1   | You fall into a shaft and drop 1 floor!
 14465 | Lair:1   | Reached XP level 12. HP: 81/81 MP: 16/24
 14867 | Lair:1   | Reached skill level 5 in Shields
 15177 | Lair:1   | Reached skill level 8 in Fighting
 15177 | Lair:1   | Reached XP level 13. HP: 110/110 MP: 25/25
 15442 | D:11     | Found Amowof's Hydra Hut.
 15789 | D:11     | Reached skill level 7 in Staves
 16846 | Lair:2   | Found a staircase to the Shoals.
 17297 | Lair:3   | Reached skill level 9 in Spellcasting
 17420 | Lair:3   | Reached skill level 11 in Fire Magic
 17434 | Lair:3   | Reached skill level 8 in Evocations
 17519 | Lair:3   | Found a hole to the Spider Nest.
 18075 | Lair:4   | Offered knowledge of Eringya's Noxious Bog by Vehumet.
 18276 | Lair:4   | Reached skill level 6 in Shields
 18420 | Lair:4   | Reached skill level 9 in Conjurations
 18695 | Lair:4   | Reached XP level 14. HP: 115/116 MP: 27/27
 19452 | Lair:5   | Entered Level 5 of the Lair of Beasts
 19473 | Lair:5   | Reached skill level 8 in Staves
 19551 | Lair:5   | Reached skill level 10 in Spellcasting
 19562 | Lair:5   | Reached skill level 12 in Fire Magic
 19839 | Lair:5   | Offered knowledge of Arcjolt by Vehumet.
 20240 | Lair:5   | Found a one-way gate to the infinite horrors of the Abyss.
 20241 | Lair:5   | Identified the +8 halberd of Crawling {flame, rF+ rN+}
 20245 | Lair:5   | Found a corrupted altar of Lugonu.
 20318 | Lair:5   | Reached skill level 9 in Evocations
 20447 | Lair:5   | Reached skill level 7 in Shields
 20696 | Lair:5   | Found a viscous altar of Jiyva.
 20696 | Lair:5   | Found a staircase to the Slime Pits.
 20941 | Lair:5   | Reached skill level 11 in Spellcasting
 21576 | D:12     | Reached skill level 13 in Fire Magic
 21642 | D:12     | Noticed Erolcha
 21646 | D:12     | Killed Erolcha
 21870 | D:12     | Reached skill level 10 in Conjurations
 21871 | D:12     | Reached skill level 9 in Staves
 21874 | D:12     | Found Cuoschoa's Armour Boutique.
 21874 | D:12     | Found Waahush's Armour Emporium.
 21885 | D:12     | Reached XP level 15. HP: 122/123 MP: 11/30
 22464 | D:13     | Noticed Kirke
 22481 | D:13     | Killed Kirke
 22798 | Orc:1    | Entered Level 1 of the Orcish Mines
 22841 | Orc:1    | Reached ****** piety under Vehumet
 22909 | Orc:1    | Offered knowledge of Fireball by Vehumet.
 22916 | Orc:1    | Noticed Jorgrun
 22997 | Orc:1    | Killed Jorgrun
 23388 | Orc:2    | Entered Level 2 of the Orcish Mines
 23391 | Orc:2    | Noticed Nessos
 23447 | Orc:2    | Killed Nessos
 23523 | Orc:2    | Found a staircase to the Elven Halls.
 23564 | Orc:2    | Found a runed translucent door.
 23633 | Orc:2    | Found Doine's Book Shoppe.
 23666 | Orc:2    | Reached skill level 8 in Shields
 23728 | Orc:2    | Noticed PanSaczeczos's ghost (journeyman DrHu)
 23872 | Orc:2    | Offered knowledge of Starburst by Vehumet.
 23893 | Orc:2    | Learned a level 6 spell: Starburst
 24004 | Orc:2    | Found Sohes's Assorted Antiques.
 24004 | Orc:2    | Found Jiakuiju's Antique Armour Emporium.
 24004 | Orc:2    | Found Efeidipt's Distillery.
 24007 | Orc:2    | Found Joruedurch's Book Boutique.
 24011 | Orc:2    | Bought a wand of paralysis (1) for 67 gold pieces
 24014 | Orc:2    | Bought a potion of ambrosia for 112 gold pieces
 24014 | Orc:2    | Bought a potion of heal wounds for 70 gold pieces
 24014 | Orc:2    | Bought a potion of invisibility for 112 gold pieces
 24014 | Orc:2    | Bought a potion of magic for 112 gold pieces
 24014 | Orc:2    | Bought a potion of resistance for 140 gold pieces
 24019 | Orc:2    | Bought the Quarto of Toxins and the Arsonist for 442 gold
                  | pieces
 24145 | Orc:2    | Killed PanSaczeczos's ghost
 24151 | Orc:2    | Got the Anthology of the Wayfarer
 24217 | Lair:1   | Learned a level 4 spell: Olgreb's Toxic Radiance
 24393 | D:14     | Reached skill level 10 in Evocations
 24398 | D:14     | Noticed Josephine
 24409 | D:14     | Killed Josephine
 24417 | D:13     | Reached skill level 12 in Spellcasting
 24602 | D:14     | Reached skill level 1 in Poison Magic
 24612 | D:14     | Found a white marble altar of Elyvilon.
 24854 | D:14     | Noticed Lodul
 24862 | D:14     | Killed Lodul
 25015 | D:14     | Found a gate to the Vaults.
 25270 | D:15     | Entered Level 15 of the Dungeon
 25304 | D:15     | Reached skill level 14 in Fire Magic
 25468 | D:15     | Reached skill level 2 in Poison Magic
 25640 | D:15     | Offered knowledge of Iron Shot by Vehumet.
 25651 | D:15     | Found a staircase to the Depths.
 25876 | D:15     | Found a glowing golden altar of the Shining One.
 26226 | Shoals:1 | Entered Level 1 of the Shoals
 26226 | Shoals:1 | Found a runed translucent door.
 26227 | Shoals:1 | Found Tezxod's One-of-a-Kind Rings.
 26239 | Shoals:1 | Found a runed translucent gate.
 26239 | Shoals:1 | Found a runed translucent gate.
 26239 | Shoals:1 | Found a runed translucent gate.
 26259 | Shoals:1 | Reached XP level 16. HP: 123/130 MP: 24/32
 26330 | Shoals:1 | Reached skill level 10 in Staves
 26473 | Shoals:1 | Reached skill level 3 in Poison Magic
 26504 | Shoals:1 | Identified the +4 morningstar "Pyseniunt" {vorpal, rPois
                  | rF+}
 26536 | Shoals:1 | Noticed Rivvoal's ghost (adept GnFi)
 26537 | Shoals:1 | Noticed Vikhos's ghost (journeyman NaVM)
 26537 | Shoals:1 | Noticed MTVSty1e's ghost (adept MiFi)
 26765 | Shoals:1 | Reached skill level 11 in Conjurations
 27167 | Shoals:2 | Reached skill level 2 in Dodging
 27170 | Shoals:2 | Noticed Ilsuiw
 27174 | Shoals:2 | Reached skill level 9 in Fighting
 27185 | Shoals:2 | Killed Ilsuiw
 27692 | Shoals:2 | Reached skill level 9 in Shields
 27870 | Shoals:3 | Found Jaruirgh's Antique Weapon Shoppe.
 27874 | Shoals:3 | Offered knowledge of Conjure Ball Lightning by Vehumet.
 27976 | Shoals:3 | Reached skill level 4 in Poison Magic
 28013 | Shoals:3 | Noticed Polyphemus
 28030 | Shoals:3 | Killed Polyphemus
 28031 | Shoals:3 | Reached skill level 3 in Dodging
 28095 | Shoals:3 | Reached skill level 15 in Fire Magic
 28152 | Shoals:3 | Reached skill level 13 in Spellcasting
 28157 | Shoals:3 | Reached skill level 11 in Evocations
 28358 | Shoals:3 | Noticed a kraken
 28365 | Shoals:3 | Killed a kraken
 28405 | Shoals:3 | Found a gateway to a bazaar.
 28731 | Shoals:3 | Noticed a kraken
 28734 | Shoals:3 | Killed a kraken
 28735 | Shoals:3 | Reached XP level 17. HP: 138/138 MP: 30/34
 29131 | Shoals:4 | Entered Level 4 of the Shoals
 29221 | Shoals:4 | Noticed a kraken
 29231 | Shoals:4 | Killed a kraken
 29255 | Shoals:4 | Offered knowledge of Lehudib's Crystal Spear by Vehumet.
 29255 | Shoals:4 | Offered knowledge of Polar Vortex by Vehumet.
 29255 | Shoals:4 | Offered knowledge of Ignition by Vehumet.
 29290 | Shoals:4 | Got a barnacled rune of Zot
 29447 | Shoals:4 | Learned a level 8 spell: Ignition
 29656 | Shoals:4 | Reached skill level 5 in Poison Magic
 29740 | Shoals:4 | Reached skill level 4 in Dodging
 29922 | Shoals:4 | Got the Tractate on Despicable Secrets and the Nimbus
 29948 | Shoals:4 | Noticed Mara
 29979 | Shoals:4 | Noticed mopl's illusion
 29998 | Shoals:4 | Killed Mara
 30004 | Shoals:4 | Reached skill level 10 in Fighting
 30617 | Elf:1    | Entered Level 1 of the Elven Halls
 30617 | Elf:1    | Noticed Asterion
 30621 | Elf:1    | Reached skill level 11 in Staves
 30622 | Elf:1    | Killed Asterion
 30771 | Elf:1    | Noticed Aizul
 30833 | Elf:1    | HP: 6/210 [+1 vorpal battleaxe (16)]
 31015 | Lair:1   | Learned a level 8 spell: Lehudib's Crystal Spear
 31107 | Elf:1    | Killed from afar by Aizul

Illustrated notes

Levels and vault maps discovered:
D:1:      minmay_arrival_stair_chambers, layout_rooms
D:2:      minmay_razor_zed, layout_rooms, basic_altar,
          hellmonk_ecumenical_altar_leap_of_faith, uniq_crazy_yiuf_cottage,
          uniq_natasha
D:3:      layout_basic, mainiacjoe_overflow_two_lobes,
          mainiacjoe_overflow_catwalk, serial_shops, nicolae_shop_crystal,
          shop_fountains, nicolae_square_shop, nicolae_shop_hallway_plus,
          nicolae_diamond_shop, st_stairs_14
D:4:      minmay_spotlight, layout_basic, minmay_temple_entry_nine_rooms,
          nicolae_ossuary_entry_plus, minmay_gold_behind_fungi
D:5:      layout_cave_pods, kennysheep_another_room, uniq_pikel
D:6:      layout_basic, gammafunk_ghost_stat_death
D:7:      layout_basic, serial_glass, glass_columns_b, glass_columns_a,
          glass_columns_a, glass_columns_a, glass_columns_a, glass_columns_a,
          glass_columns_a, glass_columns_a, glass_columns_c, glass_columns_a,
          glass_columns_b, glass_columns_a, glass_columns_a, glass_columns_a,
          minmay_bent
D:8:      layout_loops_cross, mainiacjoe_overflow_six_doors_small, serial_bayou,
          serial_bayou_pond_b, serial_bayou_shore_b, serial_bayou_pond_d,
          serial_bayou_pond_e, serial_bayou_pond_b, serial_bayou_pond_a,
          hangedman_abyss_or_decor_stagger, uniq_maggie, uniq_amaemon
D:9:      layout_roguey, serial_bayou, serial_bayou_crossing,
          serial_bayou_pond_e, serial_bayou_pond_b, serial_bayou_pond_e,
          serial_shops, shop_fountains, kennysheep_kite_vault
D:10:     layout_long_grid, fedhas_altar_fruit_tree,
          mainiacjoe_overflow_alcove_1, due_lair_maze_entry_diamond,
          orc_0_dummy, enter_bailey_3, serial_shops, shop, uniq_snorg,
          uniq_maurice
D:11:     layout_gridville, nicolae_twisting_strands, hex_medium,
          doesnt_shop_hydraphobe
D:12:     layout_gridville, nicolae_wooded_promenade, uniq_erolcha
D:13:     layout_roguey, lightli_corner_chamber, uniq_kirke
D:14:     layout_small_grid, david_vaults_4, elyvilon_altar_5, uniq_josephine,
          uniq_lodul
D:15:     grunt_enter_depths_snipers, layout_long_grid, tso_altar
Temple:   compressed_dpeg_triangle_lava_temple
Lair:1:   layout_gridlike
Lair:2:   layout_long_grid, elwin_shoals_entry_rooms, grunt_megastairs_1,
          infiniplex_staircase_pool
Lair:3:   layout_cave_pods, nicolae_spider_entry_non_spiders,
          lemuel_fruit_fields, serial_bayou_shore_b, infiniplex_staircase_pool_2
Lair:4:   kb_forest_paths, layout_small_grid, lemuel_fruit_fields
Lair:5:   hellmonk_lair_end_abyssal_woods, layout_layer_cave,
          dpeg_slime_entry_enclosed, grunt_megastairs_4
Shoals:1: layout_shoals, gammafunk_ghost_cemetery,
          nicolae_shoals_lost_giant_hut, nicolae_shop_unique_rings,
          lightli_airlock
Shoals:2: layout_shoals, uniq_ilsuiw
Shoals:3: layout_shoals, serial_shops, statue_bzr, nicolae_stop_n_shop_2,
          uniq_polyphemus
Shoals:4: shoals_end_grunt_ice, layout_shoals, uniq_mara
Orc:1:    layout_caves, uniq_jorgrun
Orc:2:    st_orc_rangers, layout_caves, basic_altar, ebering_ghost_inner_flame,
          serial_shops, nicolae_shop_crystal, uniq_nessos, uniq_donald
Elf:1:    minmay_elf_arrival_circle, layout_geoelf_diagonals,
          hangedman_elf_represent, minivault_16, uniq_agnes, uniq_asterion,
          uniq_aizul

Skill      XL: |  1  2  3  4  5  6  7  8  9 10 11 12 13 14 15 16 17 |
---------------+----------------------------------------------------+-----
Conjurations   | 2 3 4 5 6 7 8 9 10 11 | 11.7
Spellcasting   | 3 4 5 6 8 9 11 12 13 | 13.4
Translocations | 1 2 3 4 5 |  5.0
Evocations     | 1 2 4 5 6 7 8 9 10 11 | 11.4
Staves         | 2 3 4 5 6 7 9 10 11 | 11.0
Fire Magic     | 4 6 7 9 10 11 13 14 15 | 15.6
Shields        | 1 3 4 5 6 7 8 9 |  9.9
Hexes          | 2 |  2.0
Fighting       | 8 9 10 | 10.0
Poison Magic   | 2 4 5 |  5.4
Dodging        | 3 4 |  4.3
Stealth        | |  1.7
Earth Magic    | |  0.3

Action                   |  1- 3 |  4- 6 |  7- 9 | 10-12 | 13-15 | 16-18 || total
-------------------------+-------+-------+-------+-------+-------+-------++-------
Melee: Unarmed           |    15 |       |       |       |     2 |       ||    17
       Tailslap          |    12 |    16 |    13 |    19 |    87 |    63 ||   210
       Dagger            |    43 |    32 |     4 |       |       |       ||    79
       Staff             |       |    92 |    87 |   138 |   493 |   353 ||  1163
       Punch             |       |     2 |       |     1 |       |       ||     3
 Cast: Foxfire           |    13 |     2 |       |       |       |       ||    15
       Scorch            |    19 |    86 |   198 |   209 |   280 |    33 ||   825
       Kindle Blastspark |       |       |       |    32 |    10 |       ||    42
       Sticky Flame      |       |       |       |    25 |   101 |    34 ||   160
       Inner Flame       |       |       |       |     1 |       |       ||     1
       Flame Wave        |       |       |       |     2 |    54 |     1 ||    57
       Blink             |       |       |       |       |     2 |     5 ||     7
       Olgreb's Toxic Ra |       |       |       |       |    16 |    69 ||    85
       Ignite Poison     |       |       |       |       |     8 |    54 ||    62
       Starburst         |       |       |       |       |     2 |     3 ||     5
       Ignition          |       |       |       |       |       |     7 ||     7
Invok: Renounce Religion |     1 |       |       |       |       |       ||     1
Evoke: Wand              |       |     2 |     7 |    24 |     9 |     4 ||    46
       Condenser vane    |       |       |       |     1 |     1 |     1 ||     3
       Phantom mirror    |       |       |       |       |       |     1 ||     1
  Use: Scroll            |       |     5 |     5 |    13 |     4 |     4 ||    31
       Potion            |       |       |       |     1 |     1 |    12 ||    14
 Stab: Sleeping          |     1 |       |       |       |     2 |     1 ||     4
       Paralysed         |       |     6 |     7 |       |    17 |    18 ||    48
       Petrifying        |       |       |       |       |     1 |       ||     1
       Distracted        |       |       |       |       |       |     1 ||     1
Armor: Skin              |    35 |    54 |   110 |   129 |   474 |   193 ||   995
Dodge: Dodged            |    57 |    86 |   127 |   131 |   374 |   208 ||   983
Block: Kite shield       |       |       |       |    19 |    58 |       ||    77
       Buckler           |       |       |       |       |   241 |   118 ||   359

Table legend: (Time is in decaauts)
 A = Elapsed time spent in this place.
 B = Non-inter-level travel time spent in this place.
 C = Inter-level travel time spent in this place.
 D = Time resting spent in this place.
 E = Time spent auto-exploring this place.
 F = Levels seen in this place.
 G = Mean time per level.
                   A        B        C        D        E       F      G
               +--------+--------+--------+--------+--------+-----+--------+
         Total |  30952 |  27688 |   3264 |   5635 |  14870 |  30 | 1031.7 |
       Dungeon |  17837 |  15510 |   2327 |   3616 |   8512 |  15 | 1189.1 |
        Temple |     16 |      8 |      8 |      0 |      0 |   1 |   16.0 |
          Lair |   6219 |   5728 |    491 |    830 |   3472 |   5 | 1243.8 |
        Shoals |   3958 |   3721 |    237 |    588 |   2023 |   4 |  989.5 |
  Orcish Mines |   1513 |   1316 |    197 |    141 |    666 |   2 |  756.5 |
   Elven Halls |    259 |    256 |      3 |    101 |     34 |   1 |  259.0 |
       Ossuary |    555 |    555 |      0 |    270 |    112 |   1 |  555.0 |
        Bailey |    592 |    592 |      0 |     86 |     51 |   1 |  592.0 |
               +--------+--------+--------+--------+--------+-----+--------+

Top non-repeatable levels by time:
     D:6: 1841 daAuts
  Lair:4: 1775 daAuts
     D:7: 1677 daAuts
     D:4: 1671 daAuts
  Lair:5: 1639 daAuts
     D:9: 1511 daAuts
     D:3: 1301 daAuts
     D:5: 1269 daAuts
Shoals:4: 1253 daAuts
     D:8: 1250 daAuts
    D:10: 1201 daAuts
     D:2: 1196 daAuts
  Lair:2: 1098 daAuts
    D:11: 1073 daAuts
    D:13: 1001 daAuts
